 Dungeon Crawl Stone Soup version 0.25-a0-458-g6fc7858b95 (webtiles) character file.

Game seed: 6864621256972702201, levelgen mode: deterministic

266 Error4North the Chopper (level 6, -4/53 HPs)
             Began as a Hill Orc Fighter on Feb 2, 2020.
             Slain by an ogre
             ... wielding a +0 giant spiked club
              (11 damage)
             ... on level 4 of the Dungeon.
             The game lasted 00:10:39 (3328 turns).

Error4North the Chopper (Hill Orc Fighter)          Turns: 3328, Time: 00:10:39

Health: -4/53      AC: 14    Str: 21    XL:     6   Next: 20%
Magic:  6/6        EV:  4    Int:  8    God:
Gold:   165        SH:  9    Dex: 10    Spells: 5/5 levels left

rFire    . . .     SeeInvis .   a - +0 war axe
rCold    . . .     Gourm    .   c - +0 shield
rNeg     . . .     Faith    .   l - +0 plate armour
rPois    .         Spirit   .   (no helmet)
rElec    .         Reflect  .   v - +0 cloak (curse)
rCorr    .         Harm     .   (no gloves)
MR       .....                  m - +0 pair of boots
Stlth    ..........             (no amulet)
HPRegen  0.17/turn              (no ring)
MPRegen  0.10/turn              (no ring)

@: no status effects
A: no striking features
a: no special abilities


You were on level 4 of the Dungeon.
You were hungry.

You visited 1 branch of the dungeon, and saw 4 of its levels.

You collected 165 gold pieces.

Inventory:

Hand Weapons
 a - a +0 war axe (weapon)
Armour
 c - a +0 shield (worn)
 l - a +0 plate armour (worn)
 m - a +0 pair of boots (worn)
 v - a cursed +0 cloak (worn)
Jewellery
 p - a +2 ring of intelligence {unknown}
 u - an uncursed amulet of the acrobat {unknown}
 x - an uncursed amulet of rage {unknown}
 B - a cursed -2 ring of intelligence {unknown}
Wands
 g - a wand of paralysis (10)
Scrolls
 b - 2 scrolls of teleportation
 e - 2 scrolls of enchant weapon {unknown}
 n - 2 scrolls of amnesia {unknown}
 o - a scroll of enchant armour {unknown}
 s - a scroll of fog {unknown}
 t - 3 scrolls of noise {unknown}
 w - 3 scrolls of identify {unknown}
 y - 2 scrolls of remove curse {unknown}
 C - a scroll of blinking {unknown}
Potions
 d - 2 potions of might
 h - 2 potions of curing {unknown}
 i - 3 potions of agility {unknown}
 j - 3 potions of flight {unknown}
 k - a potion of heal wounds {unknown}
 q - a potion of mutation {unknown}
 r - a potion of ambrosia {unknown}
 z - a potion of degeneration {unknown}
Comestibles
 f - 8 rations


   Skills:
 + Level 4.5 Fighting
 + Level 5.0 Axes
 * Level 4.8 Armour
 * Level 4.8 Shields


You had 5 spell levels left.
You didn't know any spells.
Your spell library was empty.

Dungeon Overview and Level Annotations

Branches:
Dungeon (4/15)
 Temple: D:4-7

Altars:
Ashenzari
Hepliaklqana
Nemelex Xobeh
Sif Muna
Yredelemnul
Zin
The Shining One


Message History

You see here a falchion.
An ogre comes into view. It is wielding a +0 giant spiked club.
The ogre shouts!
The ogre moves out of view.
The ogre is too close now for your liking.
The ogre hits you with a +0 giant spiked club!!
You hit the ogre but do no damage. The ogre barely misses you.
You slash the ogre!
The ogre is heavily wounded.
The ogre hits you with a +0 giant spiked club!
Your plate armour prevents you from hitting the ogre.
The ogre is heavily wounded.
Your plate armour prevents you from hitting the ogre.
The ogre is heavily wounded.
The ogre hits you with a +0 giant spiked club!
* * * LOW HITPOINT WARNING * * *
You hit the ogre but do no damage.
The ogre is heavily wounded.
The ogre hits you with a +0 giant spiked club!
You die...

#.##.##.# #.##.##.#
#....##.# #..####.#
#..####.# ######
#.......#
......######.######
#......)..#
#..@####### #..O#
......# #####.## ..
###


You could see an ogre.

Vanquished Creatures
  A phantom (D:4)
  A worker ant (D:4)
  2 hound skeletons
  6 adders
  3 worms
  5 dart slugs
  2 leopard geckos (D:1)
  An orc (D:4)
  7 bats
  3 giant cockroaches
  5 goblins
  5 hobgoblins
  A quokka (D:4)
  3 ball pythons
  4 frilled lizards
  8 kobolds
  A quokka skeleton (D:4)
  6 rats
64 creatures vanquished.

Notes
Turn   | Place    | Note
-------+----------+-------------------------------------------
     0 | D:1      | Error4North the Hill Orc Fighter began the quest for the
                  | Orb.
     0 | D:1      | Reached XP level 1. HP: 19/19 MP: 1/1
    50 | D:1      | Reached XP level 2. HP: 27/27 MP: 2/2
   180 | D:1      | Reached skill level 3 in Axes
   315 | D:1      | Reached XP level 3. HP: 33/33 MP: 3/3
   723 | D:2      | Found a sparkling altar of Nemelex Xobeh.
   871 | D:2      | Reached XP level 4. HP: 38/40 MP: 4/4
   929 | D:2      | Found a hazy altar of Hepliaklqana.
  1163 | D:2      | Reached skill level 4 in Axes
  2118 | D:3      | Found a glowing silver altar of Zin.
  2197 | D:3      | Found a basalt altar of Yredelemnul.
  2202 | D:3      | Found a shattered altar of Ashenzari.
  2242 | D:4      | Reached XP level 5. HP: 34/46 MP: 5/5
  2709 | D:3      | Found a glowing golden altar of the Shining One.
  2957 | D:4      | Noticed a phantom
  3149 | D:4      | Killed a phantom
  3149 | D:4      | Reached skill level 5 in Axes
  3149 | D:4      | Reached XP level 6. HP: 39/53 MP: 6/6
  3240 | D:4      | Found a shimmering blue altar of Sif Muna.
  3328 | D:4      | Slain by an ogre

Levels and vault maps discovered:
D:1:      minmay_arrival_jagged, layout_basic, minmay_close_crescents
D:2:      layout_loops_ring, nemelex_xobeh_ov_fountains_minmay,
          lemuel_doored_altar, corexii_corridor_pit
D:3:      layout_basic, nicolae_overflow_hidden_temple, serial_bayou_pond_a
D:4:      layout_loops_cross, lemuel_blue_sif_altar, gammafunk_ghost_necromancy,
          first_ration

Skill      XL: |  1  2  3  4  5 |
---------------+----------------+-----
Axes           | 3 4 5 |  5.0
Fighting       | 4 |  4.5
Armour         | 4 |  4.8
Shields        | 4 |  4.8

Action                   |  1- 3 |  4- 6 || total
-------------------------+-------+-------++-------
Melee: War axe           |    95 |   188 ||   283
  Use: Scroll            |       |     1 ||     1
  Eat: Chunk             |       |     4 ||     4
       Ration            |       |     1 ||     1
Armor: Scale mail        |     7 |       ||     7
       Plate armour      |    51 |   131 ||   182
Dodge: Dodged            |    13 |    35 ||    48
Block: Shield            |    49 |   107 ||   156

Table legend:
 A = Non-vault XP
 B = Vault XP
 C = Vault XP percentage of total XP
 D = Non-vault monster count
 E = Vault monster count
 F = Vault count percentage of total count
                 A         B        C        D         E       F
            +---------+---------+-------+---------+---------+-------
      Total |     375 |       6 |   1.6 |      61 |       3 |   4.7
            +---------+---------+-------+---------+---------+-------
        D:1 |      44 |       6 |  12.0 |      24 |       3 |  11.1
        D:2 |      83 |       0 |   0.0 |      16 |       0 |   0.0
        D:3 |      26 |       0 |   0.0 |       8 |       0 |   0.0
        D:4 |     222 |       0 |   0.0 |      13 |       0 |   0.0
            +---------+---------+-------+---------+---------+-------
